Match 45379163
Unlisted

Match 45379163
End
Pioneer Squad
Pioneer Squad
Construct Infanterie Kompanie
MG 42 Machine Gun Team
MG 42 Machine Gun Team
Construct Luftwaffe Kompanie
Jäger Squad
Jäger Squad
Medical Station
221 Scout Car
Selects Terror Battlegroup
Selects Machine Gun Camouflage
Jäger Squad
Luftwaffe Officer Quarters
Jäger Squad
Support Elements
Wirbelwind Flakpanzer
Jäger Squad
Selects Defend the Fatherland
Jäger Squad
Selects King Tiger Heavy Tank
King Tiger Heavy Tank
BlueSkidrow™
K̳itsuné
0
0

Comments sign in to comment!

No comments posted yet!